← All builds
Tech / Armada / Economy first / OBSERVED BUILD

Standard tech

Armada Tech (Eco) build order · Supreme Isthmus

Rushes T2 factory and Advanced Metal Extractor while sending the first T2 constructor to Geo, scaling team eco and mex upgrades through the full 15 minutes.

Usually first T2 con to Geo (84%)

#eco #t2 #team support · 901 distinct matches · 120 players · 60% of Armada Tech games · team won 53% of 1034 · Recently observed

HOW TO PLAY IT

Key timing: T2 factory by 4:15

  1. Open mex and wind, start bot lab right away.
  2. Get bot lab up and begin feeding early cons.
  3. Start advanced bot lab to rush T2 factory.
  4. Finish T2 factory and push advanced metal extractor by 5:29.
  5. Build Citadel, Platypus and Umbrella as anti-nuke defence transition.

Phase by phase

TYPICAL OF ITS 901 GAMES
  1. 1
  2. 2
  3. 3
  4. 4
PLAY THE OPENING

Follow the example game's first 6:00 step by step: what to build now, what comes next, and where it goes. At 1× it keeps pace with your own game.

  1. 1

    Up to the Bot Lab

    Economy
    • Metal Extractor3Mex
    • Wind Turbine4Wind
    Order
    1. Bot LabBot Lab after 3 mex, 4 winddone ~1:17, middle half 1:13–1:31

    By 1:01 in all: 3 mex · 4 wind

    The example game in this phase · 3 steps
    1. Mex ×3
    2. Wind ×4
    3. Bot LabBot Labdone 1:13 · typical 1:17
  2. 2

    Bot Lab to Advanced Bot Lab

    Economy
    • Metal Extractor1Mex
    • Wind Turbine8Wind
    • Energy Storage1Energy storage
    Order
    1. Advanced Bot LabAdvanced Bot Lab after 4 mex, 12 wind, 3 con turretdone ~4:15, middle half 4:04–4:28
    Builders
    • Construction Turret3 Con turret
    • Lazarus3 Lazarus
    • Construction Bot2 Con bot
    • Construction Bot1 Con bot for allies

    Some games also: converter (35%)

    By 3:19 in all: 4 mex · 12 wind · 1 energy storage · 3 con turret

    The example game in this phase · 15 steps
    1. LazarusLazarus ×2
    2. Wind ×2
    3. Construction BotCon bot
    4. Wind ×2
    5. Construction BotCon bot
    6. Wind ×3
    7. Construction BotCon botfor Air
    8. Con turret
    9. Mex
    10. Wind
    11. LazarusLazarus
    12. Wind
    13. Con turret
    14. Energy storage
    15. Advanced Bot LabAdvanced Bot Labdone 4:08 · typical 4:15
  3. 3

    Advanced Bot Lab to 5:00

    Economy
    • Wind Turbine2Wind
    Order
    1. Bot LabEat Bot Lab
    Builders
    • Advanced Construction Bot1 T2 con bot for allies

    Some games also: converter (35%)

    By 5:00 in all: 4 mex · 15 wind · 2 converter · 1 energy storage · 3 con turret

    The example game in this phase · 4 steps
    1. Bot LabEat Bot Labreclaimed for its metal
    2. Advanced Construction BotT2 con botfor Geo
    3. Advanced Metal ExtractorT2 mex ×3done 4:57 · typical 5:29
    4. SharpshooterSniper botfor Ponddone 5:27
  4. 4

    5:00 to 10:00

    Economy
    • Wind Turbine44Wind
    • Energy Converter6Converter
    Builders
    • Butler8 Butler
    • Advanced Construction Bot4 T2 con bot for allies
    • Advanced Construction Bot1 T2 con bot

    Some games also: con turret (49%) · Butler for allies (37%)

    By 10:00 in all: 4 mex · 59 wind · 8 converter · 1 energy storage · 3 con turret

    The example game in this phase · 189 steps
    1. Con turret
    2. Advanced Construction BotT2 con botfor Geo sea
    3. Wind
    4. ButlerButler
    5. Wind
    6. Advanced Construction BotT2 con botfor Air
    7. ButlerButler
    8. Wind
    9. ButlerButler
    10. Wind
    11. ButlerButler
    12. Wind
    13. Advanced Metal ExtractorT2 mex
    14. Wind ×6
    15. ButlerButler
    16. Wind
    17. ButlerButler
    18. Converter
    19. Wind
    20. Advanced Construction BotT2 con bot
    21. Wind ×3
    22. Converter
    23. Wind
    24. Converter ×2
    25. Advanced Construction BotT2 con botfor Beach sea
    26. Wind ×2
    27. Converter
    28. Wind ×2
    29. Converter
    30. Wind
    31. ButlerButler
    32. Wind
    33. Converter
    34. Wind
    35. ButlerButler
    36. Wind
    37. Converter
    38. Wind ×3
    39. Advanced Construction BotT2 con botfor Pond
    40. Wind ×6
    41. Converter
    42. Wind ×3
    43. ButlerButler
    44. Wind ×4
    45. ButlerButler
    46. Wind ×2
    47. Converter
    48. Wind ×3
    49. ButlerButler
    50. Wind ×3
    51. Advanced Construction BotT2 con bot
    52. Wind ×3
    53. Converter
    54. Wind ×3
    55. UmbrellaAnti-nukedone 10:26
    56. Wind ×6
    57. Converter ×2
    58. Wind ×10
    59. Converter ×2
    60. Wind ×12
    61. Converter ×2
    62. Wind ×8
    63. Fusion ReactorFusiondone 12:06
    64. Con turret
    65. Wind ×4
    66. Converter ×2
    67. Metal storage
    68. Wind ×12
    69. Con turret
    70. Converter
    71. Wind ×4
    72. Converter
    73. Wind ×5
    74. Con turret
    75. Wind ×3
    76. Converter
    77. Wind ×4
    78. Converter
    79. Wind ×8
    80. Converter
    81. Wind ×4
    82. Converter
    83. Advanced Bot LabEat Advanced Bot Labreclaimed for its metal
    84. Wind ×12
    85. Converter ×2
    86. Wind ×5
    87. Fusion ReactorFusion
    88. Wind ×3
    89. Con turret
    90. Wind ×4
    91. Converter ×2
    92. Wind
    93. Con turret
    94. Wind ×10
    95. Converter
    96. Wind
    97. Converter
    98. Wind ×3
    99. T2 converter
    100. Wind ×8
    101. Converter
    102. Wind
    103. Converter
    104. Wind ×8
    105. Con turret
    106. Wind
    107. Con turret
    108. Wind
    109. Converter
    110. Wind ×2
    111. Converter
    112. Wind
    113. Con turret
    114. Wind ×4
    115. Con turret
    116. Wind ×2
    117. Aircraft PlantAircraft Plantdone 13:52
    118. Wind
    119. Con turret
    120. Wind ×2
    121. Converter
    122. Wind ×3
    123. Converter
    124. T2 converter
    125. Wind ×8
    126. StormbringerBomber
    127. Converter
    128. Wind ×2
    129. Converter
    130. Wind
    131. StormbringerBomber
    132. Wind ×2
    133. StormbringerBomber
    134. Wind ×2
    135. StormbringerBomber
    136. Wind ×2
    137. StormbringerBomber
    138. Con turret ×2
    139. Wind
    140. Con turret
    141. Converter
    142. Wind
    143. Con turret
    144. Wind ×2
    145. Converter
    146. Wind
    147. StormbringerBomber
    148. Wind
    149. Aircraft PlantAircraft Plantdone 14:31
    150. StormbringerBomber
    151. Wind ×3
    152. StormbringerBomber
    153. Wind ×4
    154. StormbringerBomber
    155. Converter
    156. FalconFighter
    157. Wind ×2
    158. StormbringerBomber
    159. Wind
    160. Converter
    161. FalconFighter
    162. Wind
    163. StormbringerBomber
    164. Wind
    165. FalconFighter
    166. Wind
    167. StormbringerBomber
    168. Wind ×2
    169. StormbringerBomber
    170. Wind
    171. StormbringerBomber
    172. FalconFighter
    173. Wind
    174. StormbringerBomber
    175. Wind ×2
    176. FalconFighter
    177. Converter
    178. Wind
    179. BlinkScout plane
    180. FalconFighter
    181. BlinkScout plane
    182. Converter
    183. Wind ×2
    184. BlinkScout plane
    185. FalconFighter
    186. BlinkScout plane
    187. Wind
    188. FalconFighter
    189. BlinkScout plane

Counts are medians over the build's games: half of them build more, half fewer. The example game is Hannodins's (36 OS, 07/10/2026); pick another.

Team trades

IN AT LEAST 30% OF ITS GAMES

You hand over

  • Construction Bot1 Con bot to Airfirst at 2:22 · in 87% of games
  • Advanced Construction Bot5 T2 con bot to Air or Geo sea or Pondfirst at 4:48 · in 99% of games
  • Sharpshooter2 Sniper bot to Pondfirst at 5:23 · in 32% of games
  • Butler2 Butler to Geo sea or Beach sea or Pondfirst at 9:05 · in 42% of games

You get

  • Hercules1 Light transport from Airfirst at 4:00 · in 85% of games

How it plays out

Typical game of this build, running totals by minute

Metal produced

020k40k
0:005:0010:0015:00

metal

Enemy metal destroyed

0100200300
0:005:0010:0015:00

metal

Own metal lost

0100200300
0:005:0010:0015:00

metal

1034 games.

Show as table
ByMetal produced: This buildEnemy metal destroyed: This buildOwn metal lost: This build
1:0038300
2:0091600
3:00164500
4:00316200
5:00486400
6:00580800
7:00723600
8:00911000
9:001125000
10:001358800
11:001643300
12:001999100
13:002375900
14:00276067381
15:0031704295204
WHAT THE NUMBERS SAY

This is the role's textbook T2 rush, posting the highest metal production of any build shown (31617 by 15:00) with almost no early losses.

  • + T2 factory done by 4:15 in 97% of games, extremely consistent.
  • + Own metal lost is only 228 by 15:00, near untouched economy.
  • − Team win rate is the lowest of all builds shown at 53%, fast eco alone doesn't decide games.
THE EXAMPLE YOU ARE READING

Hannodins

36.0 OS · 07/10/2026

Open source match ↗

1 received units
2086 metal received · 73925 energy received

Allied construction assistance is unknown. Timings are observations, not a promise of solo reproducibility.

Typical milestones

Bot Lab1:17Middle 50%: 1:13–1:31 · n=1034
Advanced Bot Lab4:15Middle 50%: 4:04–4:28 · n=1028
Advanced Metal Extractor5:29Middle 50%: 5:06–5:59 · n=1032

Played most by

Amrissa100games of this buildKOT_45games of this buildSyphos42games of this buildAdeus39games of this buildWashedGamuer39games of this build